[Event "Kragero Resort Chess A 2018"]
[Site "Kragero"]
[Date "2018.02.23"]
[Round "4"]
[White "Hobber, Anders"]
[Black "Baldursson, Hrannar"]
[Result "1/2-1/2"]
[ECO "A46"]
[WhiteElo "2286"]
[BlackElo "2153"]
[Annotator "NA RC"]
[PlyCount "92"]
[EventDate "2018.??.??"]
[EventType "swiss"]
[EventCountry "NOR"]
[SourceTitle "playchess.com"]
[Source "ChessBase"]
[SourceQuality "1"]
[TimeControl "5400+30"]

1. d4 Nf6 2. Nf3 d6 3. g3 c6 4. Bg2 Nbd7 5. O-O g6 6. b3 Bg7 7. Bb2 O-O 8. Nbd2 Qc7 9. e4 {[%emt 0:02:37] LiveBook: 34 Games} e5 10. dxe5 {[%emt 0:01:16] A49: 1 d4 Nf6 2 Nf3 g6 3 g3: Anti-King's Indian systems} dxe5 (10... Nxe5 11. Nxe5 dxe5 12. a4 Be6 13. Qe2 Rfd8 14. Nc4 Ne8 15. Rfd1 Rxd1+ 16. Rxd1 Rd8 17. Rxd8 Qxd8 18. Nxe5 {1-0 (35) Moussard,J (2571)-Haldorsen,B (2405) chess.com INT 2018}) 11. Qe2 b5 12. a4 $146 ({Predecessor:} 12. Rfd1 Bb7 13. Ne1 Rfe8 14. Ndf3 a6 15. Nd2 Rac8 16. c4 b4 17. a3 a5 {1-0 (48) Lane,N (1930)-Anton,S (1751) Nadi 2013}) 12... b4 13. Nc4 Ba6 14. Rfe1 Rfe8 15. Rad1 Rad8 16. Nfd2 Nb6 17. Bf1 Nfd7 18. Qf3 Nc5 19. Nxb6 Bxf1 20. Rxf1 axb6 21. Qe2 Ne6 22. Nf3 Nd4 23. Bxd4 exd4 24. Rfe1 c5 25. Nd2 Re6 26. Qd3 Rde8 27. f4 h5 28. Re2 Qc6 29. Rde1 Rb8 30. Nc4 Rbe8 31. Kf2 $16 Qb7 32. e5 Qd5 33. Nd6 Rxd6 34. exd6 Re3 35. Rxe3 dxe3+ 36. Kxe3 Bd4+ 37. Kd2 Qxd6 38. Kc1 Qf6 39. Kd1 Kh7 40. f5 gxf5 41. Qf3 Kg6 42. Rf1 Bc3 43. Qd3 Qe6 44. h3 Kg5 45. Qd8+ Kg6 46. Qd3 Kg5 1/2-1/2

[Event "Kragero Resort Chess A 2018"]
[Site "Kragero"]
[Date "2018.02.23"]
[Round "5"]
[White "Dahl, Trygve"]
[Black "Sagafos, Magne"]
[Result "1/2-1/2"]
[ECO "C48"]
[WhiteElo "2217"]
[BlackElo "2384"]
[Annotator "RC"]
[PlyCount "41"]
[EventDate "2018.??.??"]
[EventType "swiss"]
[EventCountry "NOR"]
[SourceTitle "playchess.com"]
[Source "ChessBase"]
[SourceQuality "1"]
[TimeControl "5400+30"]

1. e4 e5 2. Nf3 Nc6 3. Nc3 Nf6 4. Bb5 Bd6 5. O-O O-O 6. d3 h6 7. a3 a6 8. Bc4 Bc5 9. Be3 d6 10. Bxc5 dxc5 11. h3 Qd6 12. Nh4 Ne7 13. Qf3 g6 14. g4 Kg7 15. Ng2 g5 16. Ne3 Ng6 17. Ne2 Nh4 18. Qg3 Ng6 19. Qf3 Nh4 20. Qg3 Ng6 21. Qf3 1/2-1/2

[Event "Kragero Resort Chess A 2018"]
[Site "Kragero"]
[Date "2018.02.23"]
[Round "5"]
[White "Baldursson, Hrannar"]
[Black "Pantzar, Milton"]
[Result "0-1"]
[ECO "C90"]
[WhiteElo "2153"]
[BlackElo "2260"]
[Annotator "RC"]
[PlyCount "68"]
[EventDate "2018.??.??"]
[EventType "swiss"]
[EventCountry "NOR"]
[SourceTitle "playchess.com"]
[Source "ChessBase"]
[SourceQuality "1"]
[TimeControl "5400+30"]

1. e4 e5 2. Nf3 Nc6 3. Bb5 a6 4. Ba4 Nf6 5. d3 d6 6. c3 Be7 7. O-O O-O 8. Re1 b5 9. Bb3 Na5 10. Bc2 c5 11. Bg5 Nc6 12. Nbd2 Nh5 13. Be3 g6 14. Bh6 Ng7 15. Nf1 Qe8 16. Ne3 Bd8 17. Nd5 f6 18. a4 Rb8 19. axb5 axb5 20. b4 cxb4 21. Bb3 Be6 22. Nxb4 Nxb4 23. cxb4 Bb6 24. Be3 Bxe3 25. fxe3 Qf7 26. Bxe6 Qxe6 27. Ra7 Ra8 28. Qa1 Rxa7 29. Qxa7 Qb3 30. Rc1 Qxd3 31. Rc7 Ne6 32. Rxh7 Qxe4 33. Re7 Ra8 34. Qd7 Qxe3+ 0-1

[Event "Kragero Resort Chess A 2018"]
[Site "Kragero"]
[Date "2018.02.23"]
[Round "5"]
[White "Skotheim, Andreas"]
[Black "Nordquelle, Daniel"]
[Result "1-0"]
[ECO "A34"]
[WhiteElo "2025"]
[BlackElo "2220"]
[Annotator "NA"]
[PlyCount "47"]
[EventDate "2018.??.??"]
[EventType "swiss"]
[EventCountry "NOR"]
[SourceTitle "playchess.com"]
[Source "ChessBase"]
[SourceQuality "1"]
[TimeControl "5400+30"]

1. c4 c5 2. g3 Nf6 3. Bg2 d5 4. cxd5 Nxd5 5. Nc3 Nc7 6. Nf3 Nc6 7. O-O e5 8. a3 Rb8 9. d3 Be7 10. Be3 O-O 11. Ne4 b6 12. b4 cxb4 13. axb4 Bxb4 14. Qa4 b5 $14 15. Qc2 Nd4 16. Nxd4 exd4 17. Bf4 Rb7 18. Nf6+ Qxf6 19. Bxb7 Bxb7 20. Qxc7 Bd5 21. Rxa7 Bc3 22. Qc5 Bc6 23. Bd6 Rc8 24. Qxc6 1-0

[Event "Kragero Resort Chess A 2018"]
[Site "Kragero"]
[Date "2018.02.24"]
[Round "6"]
[White "Dahl, Trygve"]
[Black "Haug, Johannes"]
[Result "0-1"]
[ECO "C29"]
[WhiteElo "2217"]
[BlackElo "2355"]
[Annotator "NA RC"]
[PlyCount "88"]
[EventDate "2018.??.??"]
[EventType "swiss"]
[EventCountry "NOR"]
[SourceTitle "playchess.com"]
[Source "ChessBase"]
[SourceQuality "1"]
[TimeControl "5400+30"]

1. e4 e5 2. Nc3 Nf6 3. f4 d5 4. fxe5 Nxe4 5. d3 Nxc3 6. bxc3 d4 7. Nf3 c5 8. Be2 Nc6 9. O-O {[%emt 0:00:06] LiveBook: 4 Games} Be7 10. Qe1 O-O 11. Qg3 {[%emt 0:00:41] C29: Vienna Game: 2...Nf6 3 f4} Bf5 12. h4 (12. Nxd4 $11 Nxd4 13. cxd4) (12. c4 Qd7 13. Bf4 Rae8 14. a3 Bd8 15. Rf2 Qe6 16. Rb1 b6 17. Re1 Qg6 18. h3 Qxg3 19. Bxg3 Bg6 20. Bh2 Re6 21. Bf1 Rfe8 22. Rfe2 h6 23. Kf2 Bc7 24. g4 Bd8 {½-½ (24) Vojta,T (2361)-Lagerman,R (2348) Marianske Lazne 2008}) 12... dxc3 13. h5 Kh8 $146 ({Predecessor:} 13... g6 14. Bh6 Nd4 15. Nxd4 Qxd4+ 16. Kh1 Rfe8 17. Rab1 b6 18. Rxf5 Bh4 {0-1 (42) Nabelek,M (2099)-Bures,M (2205) Ostrava 2002}) 14. h6 gxh6 15. Bxh6 Rg8 16. Qf4 Be6 17. Kf2 Nd4 $2 (17... Rg4 $19 {and Black stays clearly on top.} 18. Qc1 Nd4) 18. Nxd4 Qxd4+ 19. Qxd4 cxd4 20. Bf3 (20. Rh1 $11 {remains equal.}) 20... Bh4+ 21. Ke2 Bg5 22. Rh1 Rg6 23. Bxg5 Rxg5 24. Rh4 (24. Be4 $142) 24... Rxe5+ 25. Kf2 Rd8 26. Rah1 Kg7 27. Rxh7+ Kf6 28. R1h5 $2 (28. R7h6+ $17 Ke7 29. a3) 28... Rxh5 ({Worse is} 28... Bxa2 29. R7h6+ Kg7 30. Rh7+ Kf6 31. R7h6+ Kg7 32. Rh7+ Kf6 $11) 29. Rxh5 Bxa2 30. Ra5 {[%emt 0:04:46] [#]} Be6 $1 ({Schlechter ist} 30... Bb1 31. Bd1 $15) 31. Bxb7 {[%emt 0:01:30] [#]} Rd7 $2 (31... Rb8 $1 $19 32. Rxa7 Kg5) 32. Bf3 Ke7 33. Ra4 Kd8 34. Bc6 Rd6 35. Bb5 {[%emt 0:03:21] [#]} Kc7 $1 36. Rxa7+ (36. Bc4 $17) 36... Kb6 37. Ra6+ Kc5 38. Rxd6 Kxd6 39. Ba4 Kc5 40. Ke1 Bg4 41. Bb3 f6 42. Kf2 Kb4 43. Kg3 Be2 44. Bc4 Ka3 $19 0-1

[Event "Kragero Resort Chess A 2018"]
[Site "Kragero"]
[Date "2018.02.24"]
[Round "6"]
[White "Bergsson, Stefan"]
[Black "Kaasen, Tor Fredrik"]
[Result "0-1"]
[ECO "B40"]
[WhiteElo "2093"]
[BlackElo "2335"]
[Annotator "NA RC"]
[PlyCount "76"]
[EventDate "2018.??.??"]
[EventType "swiss"]
[EventCountry "NOR"]
[SourceTitle "playchess.com"]
[Source "ChessBase"]
[SourceQuality "1"]
[TimeControl "5400+30"]

1. e4 c5 2. Nf3 e6 3. b3 Nc6 4. Bb2 {[%emt 0:01:10] B40: Sizilianisch (Klassisches System mit e7-e6)} b6 (4... Nf6 5. e5 Nd5 6. c4 Nde7 7. g3 d6 8. Bg2 Ng6 9. exd6 e5 10. h4 Bxd6 11. h5 Nge7 12. h6 g6 13. Nc3 f6 14. Qe2 O-O {½-½ (66) Onischuk,V (2637)-Vidit,S (2715) Riadh 2017}) 5. g3 Bb7 6. Bg2 d6 7. d4 cxd4 8. Nxd4 Rc8 $146 ({Vorgänger:} 8... a6 9. O-O Qc7 10. c4 Nf6 11. Nc3 Be7 {1-0 (28) Georgiev,K (2494)-Ungureanu,V (2287) Chalkidiki 2007}) 9. c4 Nf6 10. O-O Be7 11. Nc3 O-O 12. Qd2 Qc7 13. Rad1 a6 14. Rfe1 Rfd8 15. h3 Qb8 16. Kh2 Nxd4 17. Qxd4 Bc6 18. a4 (18. Nd5 $5 Bxd5 19. cxd5 $14 (19. exd5 e5 $14)) 18... b5 19. axb5 axb5 20. Nd5 Bxd5 21. cxd5 e5 22. Qb4 Nd7 23. Rc1 Nc5 24. Bf1 Bg5 25. Ra1 Qb6 26. Kg1 Rb8 27. h4 Bh6 28. Bc1 Bxc1 29. Rexc1 Rf8 30. Ra5 Nxe4 31. Qe1 $2 {[%emt 0:06:26] [#]} ({White should play} 31. Rc2 $15 f5 32. Rxb5) 31... Nxf2 $1 32. Kg2 ({Don't go for} 32. Rxb5 $2 Nh3+ 33. Kg2 Qg1+ 34. Kf3 {[#]} e4+ $1 35. Qxe4 Qf2+ 36. Kg4 f5+ 37. Kxh3 fxe4 $19) 32... Ng4 33. Rc6 (33. Rxb5 $142 Qd4 34. Rxb8 Rxb8 35. Kh3) 33... Qd4 34. Rxd6 Rbc8 35. Ra2 Rc3 36. Bxb5 Qc5 37. Qd2 (37. Be2 $142 Rxb3 38. Bxg4 Qxd6 39. Qd1) 37... Ne3+ 38. Kh2 Rxb3 $19 ({Weaker is} 38... Qxd6 39. Qxc3 Qxd5 40. Bc6 $15) 0-1

[Event "Kragero Resort Chess A 2018"]
[Site "Kragero"]
[Date "2018.02.25"]
[Round "8"]
[White "Houska, Jovanka"]
[Black "Risting, Eivind Olav"]
[Result "1-0"]
[ECO "A40"]
[WhiteElo "2408"]
[BlackElo "2308"]
[Annotator "ChessBase"]
[PlyCount "55"]
[EventDate "2018.??.??"]
[EventType "swiss"]
[EventCountry "NOR"]
[SourceTitle "playchess.com"]
[Source "ChessBase"]
[SourceQuality "1"]
[TimeControl "5400+30"]

1. d4 e6 2. c4 b6 3. a3 Bb7 4. Nc3 Nf6 5. d5 exd5 6. cxd5 Bd6 7. e4 Qe7 8. Bg5 Be5 9. Rc1 O-O 10. Bd3 c6 11. Nge2 Na6 12. b4 Nc7 13. f4 Bxc3+ 14. Rxc3 h6 15. Bh4 g5 16. fxg5 Nxe4 17. Rc4 Nd6 18. gxh6 f6 19. Rg4+ Kh8 20. O-O Nxd5 21. Nf4 Nxf4 22. Rgxf4 c5 23. Bxf6+ Rxf6 24. Rxf6 Rg8 25. R6f2 Qe5 26. h7 Rxg2+ 27. Rxg2 Qe3+ 28. Rff2 1-0

[Event "Kragero Resort Chess A 2018"]
[Site "Kragero"]
[Date "2018.02.25"]
[Round "8"]
[White "Sagafos, Magne"]
[Black "Tryggestad, Andreas Garberg"]
[Result "1/2-1/2"]
[ECO "B40"]
[WhiteElo "2384"]
[BlackElo "2241"]
[Annotator "NA"]
[PlyCount "117"]
[EventDate "2018.??.??"]
[EventType "swiss"]
[EventCountry "NOR"]
[SourceTitle "playchess.com"]
[Source "ChessBase"]
[SourceQuality "1"]
[TimeControl "5400+30"]

1. e4 c5 2. Nf3 e6 3. Nc3 Nc6 4. Bb5 Nd4 5. O-O {[%emt 0:01:07] LiveBook: 309 Games} a6 6. Bd3 Nxf3+ 7. Qxf3 b5 $146 {[%emt 0:00:32] B30: Sizilianisch (Rossolimo-Variante)} ({Black should try} 7... Qc7 $11) ({Vorgänger:} 7... Bd6 8. Be2 Qc7 9. Qh3 Ne7 10. d3 Ng6 11. g3 h5 12. f4 h4 13. Qg2 hxg3 14. hxg3 Be7 15. Be3 {1-0 (50) Alekseenko,K (2590)-Krasenkow,M (2671) Stockholm 2018}) 8. b3 Bb7 9. Qg3 Nf6 10. Re1 (10. e5 $5 Nh5 11. Qg4 $14) 10... Nh5 11. Qe3 Be7 12. Be2 Nf6 13. Bf3 d5 14. exd5 Nxd5 15. Bxd5 Bxd5 16. Qe5 Bb7 17. Bb2 Bf6 18. Qxc5 Qxd2 $2 {[%emt 0:01:53] [#]} (18... Rc8 $17 {bleibt auf Kurs.} 19. Qe3 O-O) 19. Ne4 (19. Rad1 $1 $16 Qxc2 20. Qc7 (20. Qd6 $2 Rd8 $17) 20... Qxb2 21. Qd7+ Kf8 22. Qxb7) 19... Bxe4 $1 20. Bxf6 gxf6 21. Rxe4 Rd8 22. Qc6+ Qd7 23. Qxa6 Qd5 24. Rae1 f5 {[%emt 0:01:39] [#]} (24... Ra8 $16 {was necessary.} 25. Qb6 O-O) 25. R4e3 $1 O-O 26. a4 b4 27. Qe2 Kh8 28. Rd3 Qc5 29. h4 Rc8 30. Rd2 Kg8 31. Qh5 Qc3 32. Re3 Qa1+ 33. Kh2 Kh8 34. Qh6 Rg8 35. h5 Rg7 36. g3 Rcg8 37. Red3 f4 38. Qxf4 Rg4 39. Rd1 Rxf4 40. Rxa1 Rxf2+ 41. Kh3 $16 Rxc2 42. Rf1 f5 43. Rf4 Rg5 44. h6 Kg8 45. Rxb4 Kf7 46. Rh4 e5 47. Rd7+ Ke6 48. Rg7 Kf6 49. Rxg5 Kxg5 50. a5 e4 51. a6 Ra2 52. g4 f4 53. Rh5+ Kg6 54. Rf5 Rxa6 55. Rxf4 Ra3 56. Kh4 Rxb3 57. g5 Rf3 58. Rxe4 Rf4+ 59. Rxf4 1/2-1/2

[Event "Kragero Resort Chess A 2018"]
[Site "Kragero"]
[Date "2018.02.25"]
[Round "8"]
[White "Pantzar, Milton"]
[Black "Haug, Johannes"]
[Result "1/2-1/2"]
[ECO "E20"]
[WhiteElo "2260"]
[BlackElo "2355"]
[Annotator "NA"]
[PlyCount "89"]
[EventDate "2018.??.??"]
[EventType "swiss"]
[EventCountry "NOR"]
[SourceTitle "playchess.com"]
[Source "ChessBase"]
[SourceQuality "1"]
[TimeControl "5400+30"]

1. d4 Nf6 2. c4 e6 3. Nc3 Bb4 4. Bd2 O-O 5. a3 Bxc3 6. Bxc3 Ne4 7. Rc1 {[%emt 0:00:57] E20: Nimzo-Indian: 4 g3 and 4 f3} b6 {[%emt 0:01:55] LiveBook: 3 Games} 8. Nf3 d6 9. e3 Nd7 10. Bd3 Bb7 11. O-O f5 12. Be1 Ng5 $146 ({Predecessor:} 12... Qf6 13. Nd2 Nxd2 14. Qxd2 f4 15. f3 c5 16. Bf2 fxe3 17. Qxe3 Rae8 {1-0 (56) Nguyen,D (2516)-Tu,H (2414) Ho Chi Minh City 2015}) 13. Nd2 Qf6 14. f3 e5 15. c5 dxc5 16. dxc5 Kh8 17. cxb6 cxb6 18. b4 Rfd8 19. Qb3 Nf8 20. Qb1 f4 ({Günstiger ist} 20... Rac8 $11 21. Rxc8 Bxc8) 21. Ne4 Bxe4 22. Bxe4 Rac8 23. exf4 exf4 24. Bf2 Rxc1 25. Rxc1 Nxe4 26. Qxe4 Qb2 27. Re1 Qxa3 28. Bd4 Rd7 $1 29. Qxf4 Kg8 30. Ba1 Qa2 31. h3 a5 32. bxa5 bxa5 33. Kh2 a4 34. Re8 Rf7 35. Qd4 Rf6 36. Re7 Rf7 37. Re8 Rf6 38. Ra8 a3 {[%emt 0:00:40] [#]} 39. Qc3 $11 (39. Bc3 $1 $18 Qf7 40. Ra7 (40. Rxa3 Qc7+ 41. Kg1 Rd6 $16)) 39... Rg6 40. Rxf8+ Kxf8 41. Qc8+ Ke7 42. Qc7+ Ke8 43. Qc8+ Ke7 44. Qc7+ Ke6 45. Qc6+ {[%emt 0:00:22] Ke5} 1/2-1/2

[Event "Kragero Resort Chess A 2018"]
[Site "Kragero"]
[Date "2018.02.25"]
[Round "8"]
[White "Lindbol, Aleksander"]
[Black "Rishovd, Svein"]
[Result "0-1"]
[ECO "A20"]
[WhiteElo "2218"]
[BlackElo "2126"]
[Annotator "NA"]
[PlyCount "126"]
[EventDate "2018.??.??"]
[EventType "swiss"]
[EventCountry "NOR"]
[SourceTitle "playchess.com"]
[Source "ChessBase"]
[SourceQuality "1"]
[TimeControl "5400+30"]

1. c4 e5 2. g3 c6 3. d4 e4 {[%emt 0:00:11] A20: English Opening: 1...e5} 4. Nc3 d5 5. Bg2 Bb4 6. Qb3 Ba5 {[%emt 0:00:32] LiveBook: 4 Games} 7. Nh3 h6 8. O-O Nf6 9. Nf4 $146 ({Find the theoretical novelty and annotate with similar games:} 9. cxd5 $11 cxd5 10. Bf4 (10. Nf4 Bxc3 11. bxc3 {½-½ (52) Movsesian,S (2688)-Grandelius,N (2572) Wijk aan Zee 2013})) 9... g5 10. Nh3 dxc4 11. Qc2 (11. Qxc4 $15 Be6 12. Qa4) 11... Bf5 12. f3 Qxd4+ 13. Nf2 Nbd7 14. fxe4 (14. e3 $17 Qc5 15. Ncxe4) 14... Be6 15. e3 Qe5 16. Ne2 O-O-O 17. Nd4 (17. b4 $17 {keeps fighting.} Bxb4 18. Rb1) 17... h5 18. b4 Bxb4 19. Bb2 Qc7 20. Nxe6 fxe6 21. Qxc4 h4 22. g4 Bd6 23. e5 Bxe5 24. Bxe5 Nxe5 25. Qxe6+ Ned7 26. Ne4 Nxe4 $19 27. Qxe4 Qe5 28. Qd4 Qxd4 29. exd4 Rhf8 30. d5 c5 31. Rae1 Rxf1+ 32. Kxf1 Rf8+ 33. Kg1 Kd8 34. Re3 Rf4 35. h3 b6 36. Bf3 Rf7 37. Kf2 Re7 38. Ra3 a5 39. Rb3 Kc7 40. a4 Re5 41. Bg2 Kd6 42. Bh1 c4 43. Rc3 Kc5 44. Rc1 Nf6 45. d6 Re6 46. Rb1 Rxd6 47. Ke3 Rd3+ 48. Ke2 Rxh3 49. Bf3 Rh2+ 50. Ke3 Nd5+ 51. Bxd5 Kxd5 52. Rb5+ Kc6 53. Rxg5 Ra2 54. Rg6+ Kb7 55. Rh6 h3 56. g5 Rxa4 57. g6 c3 58. Rxh3 Rg4 59. Rh7+ Ka6 60. g7 Rg3+ 61. Ke2 a4 62. Kd1 Rg2 63. Kc1 b5 0-1

[Event "Kragero Resort Chess A 2018"]
[Site "Kragero"]
[Date "2018.02.25"]
[Round "8"]
[White "Sahl, Sheila Barth"]
[Black "Bergsson, Stefan"]
[Result "0-1"]
[ECO "B48"]
[WhiteElo "2181"]
[BlackElo "2093"]
[Annotator "NA"]
[PlyCount "98"]
[EventDate "2018.??.??"]
[EventType "swiss"]
[EventCountry "NOR"]
[SourceTitle "playchess.com"]
[Source "ChessBase"]
[SourceQuality "1"]
[TimeControl "5400+30"]

1. e4 c5 2. Nf3 e6 3. d4 cxd4 4. Nxd4 Nc6 5. Nc3 Qc7 6. Be3 Nf6 7. Bd3 a6 8. O-O b5 9. Nxc6 Qxc6 10. a3 Bb7 {[%emt 0:05:34] LiveBook: 125 Games} 11. Bd4 {[%emt 0:08:06] B48: Sicilian: Taimanov: 5 Nc3 Qc7 6 Be3 a6 without Be2} (11. Re1 Rc8 12. Qf3 Bd6 13. Bd4 Qc7 14. Bxf6 gxf6 15. Qh5 Be5 16. Nd1 Ke7 17. c3 Rcg8 18. Ne3 Rg5 19. Qh3 {0-1 (47) Carlsen,M (2837)-Ding,L (2774) Saint Louis 2017}) 11... Be7 12. Be2 $146 ({Predecessor:} 12. f4 h5 13. Qe2 h4 14. b4 h3 15. gxh3 Rxh3 16. Kg2 Rh6 17. a4 Bxb4 18. axb5 axb5 19. Rxa8+ Bxa8 20. Bxb5 {0-1 (39) Trygstad,K (2227)-Skytte,R (2338) Copenhagen 1999}) 12... d6 13. Bf3 e5 14. Be3 h6 15. Re1 Rc8 16. Qe2 O-O 17. Rad1 Bd8 18. Qd3 Ba5 19. Bd2 Bb6 20. Re2 a5 21. Nxb5 Ba6 22. a4 Qxc2 23. Qxc2 Rxc2 24. Bxh6 $2 (24. Be3 $11 {and White stays safe.} Rxe2 25. Bxe2 Bxe3 26. fxe3) 24... Rxe2 25. Bxe2 Bxb5 26. axb5 gxh6 27. Rxd6 Bxf2+ 28. Kf1 Nxe4 29. Ra6 Bd4 30. Rxa5 Rc8 31. Bd3 Nd2+ 32. Ke1 Bxb2 33. Bf5 Rd8 34. b6 Bc3 35. Rb5 Nb3+ 36. Kf1 $19 Rd1+ 37. Ke2 Rd2+ 38. Ke3 Nd4 39. Bd3 Nxb5 40. b7 Rxd3+ 41. Kxd3 e4+ 42. Kxe4 Nd6+ 43. Kd3 Nxb7 44. Kxc3 h5 45. Kd4 Kg7 46. Ke5 Kg6 47. h3 Nc5 48. g3 Nd3+ 49. Kd6 Nf2 0-1

[Event "Kragero Resort Chess A 2018"]
[Site "Kragero"]
[Date "2018.02.25"]
[Round "8"]
[White "Vestby-Ellingsen, Mads"]
[Black "Genocchio, Daniele"]
[Result "1/2-1/2"]
[ECO "C41"]
[WhiteElo "2160"]
[BlackElo "2385"]
[Annotator "NA"]
[PlyCount "86"]
[EventDate "2018.??.??"]
[EventType "swiss"]
[EventCountry "NOR"]
[SourceTitle "playchess.com"]
[Source "ChessBase"]
[SourceQuality "1"]
[TimeControl "5400+30"]

1. d4 d6 2. e4 Nf6 3. Nc3 e5 4. Nf3 Nbd7 5. Bc4 Be7 6. O-O exd4 {[%emt 0:01:28] C41: Philidor Defence} (6... O-O 7. Re1 c6 8. a4 a5 9. h3 Re8 10. Ba2 Bf8 11. Be3 Qc7 12. Ng5 Re7 13. f4 b6 14. fxe5 dxe5 15. d5 cxd5 16. exd5 {1-0 (16) Wang,H (2709)-Ivanchuk,V (2726) Huaian 2017}) 7. Qxd4 O-O 8. h3 Nb6 {[%emt 0:03:27] LiveBook: 6 Games} 9. Bb3 a5 10. a3 Nfd7 11. Be3 Nc5 12. Ba2 Be6 13. Nd5 $146 ({Predecessor:} 13. Rfd1 Bxa2 14. Rxa2 {0-1 (64) Korneev,O (2571)-Strikovic,A (2519) Mondariz 2009}) 13... Nxd5 14. Bxd5 Bf6 15. Qc4 Bxb2 16. Ra2 $1 Bxd5 17. exd5 Bf6 18. Bxc5 dxc5 19. Qxc5 a4 20. c4 Re8 21. Qb4 b6 22. Qd2 Re4 23. Qc2 Rf4 24. Qd3 Qe7 25. Re2 Qc5 26. Rc1 g6 (26... b5 $5) 27. g3 Rf5 28. Rce1 b5 29. Re4 bxc4 30. Rxc4 Qxd5 31. Qxd5 Rxd5 32. Rxc7 Rd3 33. Ne5 Rxa3 34. Nxf7 Ra1 $17 35. Nh6+ Kh8 36. Nf7+ Kg8 37. Nh6+ Kh8 38. Nf7+ Kg7 39. Nd8+ Kh6 40. Nf7+ Kg7 41. Nd8+ Kh6 42. Nf7+ Kg7 43. Nd8+ Kg8 1/2-1/2

[Event "Kragero Resort Chess A 2018"]
[Site "Kragero"]
[Date "2018.02.25"]
[Round "8"]
[White "Nielsen, Andre"]
[Black "Skotheim, Andreas"]
[Result "*"]
[ECO "C47"]
[WhiteElo "2145"]
[BlackElo "2025"]
[Annotator "NA"]
[PlyCount "76"]
[EventDate "2018.??.??"]
[EventType "swiss"]
[EventCountry "NOR"]
[SourceTitle "playchess.com"]
[Source "ChessBase"]
[SourceQuality "1"]
[TimeControl "5400+30"]

1. e4 Nc6 2. Nf3 e5 3. Nc3 Nf6 4. d4 exd4 5. Nxd4 Bb4 6. Nxc6 bxc6 7. Bd3 d5 8. exd5 cxd5 9. O-O O-O 10. Bg5 c6 11. Na4 ({Viel schlechter ist} 11. Bxf6 Qxf6 12. Ne2 Bd6 $17) 11... Re8 {[%emt 0:02:26] LiveBook: 43 Games} 12. c3 ({Viel schlechter ist} 12. Bxf6 Qxf6 13. c4 Be6 $17) 12... Bd6 {[%emt 0:01:24] C47: Scotch Four Knights and Four Knights with 4 g3} 13. b4 ({Much worse is} 13. Bxf6 Qxf6 14. b4 Bf5 $17) (13. Bh4 Bg4 14. f3 Bh5 15. Qc2 Bg6 16. Rae1 Qc7 17. g4 Bxd3 18. Qxd3 Nd7 19. Qc2 Nf8 20. Rxe8 Rxe8 {0-1 (40) Nakamura,H (2789)-Carlsen,M (2872) Zuerich 2014}) 13... Be6 $146 ({Find the theoretical novelty and annotate with similar games:} 13... h6 14. Bh4 a5 15. b5 cxb5 16. Bxb5 Re6 17. c4 Rb8 18. Bg3 Bxg3 19. hxg3 Re5 {½-½ (29) Meszaros,T (2408)-Lapshun,Y (2462) Budapest 2005}) 14. Bc2 h6 15. Bh4 a5 16. Qd4 axb4 17. cxb4 Qe7 18. a3 Bc8 19. Bg3 Bxg3 20. hxg3 Ba6 21. Rfd1 h5 22. Nc5 Bc4 23. Bd3 Bxd3 24. Qxd3 $14 Ng4 25. Kf1 Qf6 26. Qd4 Nh2+ 27. Kg1 Re1+ 28. Kxh2 Qxd4 29. Rxe1 Qxf2 30. Rf1 Qd4 31. Rad1 Qg4 32. Rd3 Re8 33. Rf4 Qg5 34. a4 Qe5 35. a5 Qa1 36. g4 h4 37. g5 Re1 38. Rxh4 Rh1+ *

[Event "Kragero Resort Chess A 2018"]
[Site "Kragero"]
[Date "2018.02.25"]
[Round "8"]
[White "Fossan, Andreas"]
[Black "Dahl, Trygve"]
[Result "1-0"]
[ECO "E70"]
[WhiteElo "1997"]
[BlackElo "2217"]
[Annotator "NA"]
[PlyCount "55"]
[EventDate "2018.??.??"]
[EventType "swiss"]
[EventCountry "NOR"]
[SourceTitle "playchess.com"]
[Source "ChessBase"]
[SourceQuality "1"]
[TimeControl "5400+30"]

1. d4 Nf6 2. c4 g6 3. Nc3 Bg7 4. e4 d6 5. Bd3 O-O 6. Nge2 e5 7. d5 Nh5 8. O-O a5 {[%emt 0:02:45] E70: King's Indian: Miscellaneous lines with 4 e4, including 5 Nge2 and 5 Bd3 0-0 6 Nge2} (8... Nd7 9. Bc2 f5 10. exf5 gxf5 11. Ng3 Nxg3 12. fxg3 e4 13. g4 Ne5 14. gxf5 Bxf5 15. Qe2 Qh4 16. Bf4 Nf3+ 17. gxf3 exf3 18. Rxf3 Bxc2 {½-½ (29) Romanov,E (2638)-Smirin,I (2644) Stockholm 2015}) 9. Be3 Na6 10. Rc1 f5 $146 ({Predecessor:} 10... Bd7 11. Bc2 Qe7 {½-½ (11) Emodi,B (2400)-Piroth,A (2305) Hungary 1998}) 11. exf5 $1 gxf5 12. f4 Nf6 13. h3 e4 14. Bb1 c5 15. Qd2 (15. dxc6 $5 bxc6 16. Qd2 $11) 15... Bd7 16. a4 Nb4 17. Ng3 Kh8 18. b3 Rg8 19. Bf2 Bh6 20. Nd1 Qe8 21. Be1 Nh5 22. Nxh5 Qxh5 23. Qb2+ Bg7 24. Bc3 Qxh3 $2 (24... Qh4 $15 {bleibt weiter vorne.}) 25. Bxg7+ Rxg7 {[%emt 0:01:06] [#]} 26. Qxg7+ $18 Kxg7 27. gxh3 Kf6 28. Ne3 1-0

[Event "Kragero Resort Chess A 2018"]
[Site "Kragero"]
[Date "2018.02.25"]
[Round "8"]
[White "Huse, Sigurd Kjelsbol"]
[Black "Ingebretsen, Jens E"]
[Result "0-1"]
[ECO "C68"]
[WhiteElo "1993"]
[BlackElo "2174"]
[Annotator "NA"]
[PlyCount "94"]
[EventDate "2018.??.??"]
[EventType "swiss"]
[EventCountry "NOR"]
[SourceTitle "playchess.com"]
[Source "ChessBase"]
[SourceQuality "1"]
[TimeControl "5400+30"]

1. e4 e5 2. Nf3 Nc6 3. Bb5 a6 4. Bxc6 dxc6 5. O-O Qf6 6. d3 Bg4 7. Be3 {[%emt 0:00:07] C68: Ruy Lopez: Exchange Variation, sidelines} Bxf3 8. Qxf3 Qxf3 9. gxf3 c5 $146 ({Find the theoretical novelty and annotate with similar games:} 9... Bd6 10. Rd1 Ne7 11. c3 c5 12. Nd2 Ng6 13. Kf1 O-O-O 14. a4 Nf8 {½-½ (30) Zapata,A (2438)-Quesada Perez,Y (2624) Greensboro 2017}) 10. Nd2 f6 11. f4 exf4 12. Bxf4 O-O-O 13. a4 Ne7 14. Nc4 Nc6 15. Kg2 Nd4 16. Ne3 h5 (16... g5 $5 17. Bg3 $8 h5 $11) 17. h3 Bd6 (17... g5 $11 18. Bh2 h4) 18. Bxd6 Rxd6 19. f4 Rg8 20. Rf2 g6 21. Kh2 Kb8 {[%emt 0:04:07] [#]} (21... f5 $11 {remains equal.}) 22. Rg1 $1 g5 23. fxg5 fxg5 24. Rgf1 Ka7 25. Rf7 g4 26. Rxc7 Nf3+ 27. Kh1 Rg5 28. Rh7 $18 Rf6 29. h4 Rgg6 30. Rxh5 c4 31. Rf5 cxd3 32. cxd3 Rb6 33. h5 Rg8 34. Nc4 Rb3 35. Rd5 b5 36. axb5 axb5 37. Rd7+ Kb8 38. Nd6 Rb4 39. Ra1 Ra4 40. Rxa4 bxa4 41. Nf5 Rg5 42. Ng3 Rb5 43. Rf7 Rxb2 44. Nf1 Rf2 45. h6 g3 46. Rxf3 g2+ 47. Kg1 gxf1=R# 0-1